 Dungeon Crawl Stone Soup version 0.28.0-53-g5a82cb258f (webtiles) character file.

Game seed: 15008621727100464913

5630 Tsarbomb the Protected (level 10, -9/90 HPs)
             Began as a Minotaur Berserker on Aug 21, 2022.
             Was a Priest of Trog.
             Mangled by a troll (12 damage)
             ... on level 9 of the Dungeon on Sept 3, 2022.
             The game lasted 00:21:17 (8170 turns).

Tsarbomb the Protected (Minotaur Berserker)         Turns: 8170, Time: 00:21:17

Health: -9/90      AC: 15    Str: 25    XL:     10   Next: 46%
Magic:  9/9        EV: 11    Int:  6    God:    Trog [***...]
Gold:   371        SH:  0    Dex: 11    Spells: 9/9 levels left

rFire   + + .      SeeInvis +   g - +9 dagger "Ojyollea" {flame, rCorr Int+2 SInv}
rCold   . . .      Faith    .   (no shield)
rNeg    + . .      Spirit   .   h - +6 scale mail of Incorporation {rPois rF++}
rPois   +          Reflect  .   (helmet restricted)
rElec   .          Harm     .   (no cloak)
rCorr   +          Rampage  .   (no gloves)
Will    .....                   (no boots)
Stlth   ..........              (no amulet)
HPRegen 0.25/turn               e - ring of positive energy
MPRegen 0.11/turn               (no ring)

@: on berserk cooldown, slowed, very slow
A: horns 2, retaliatory headbutt
a: Renounce Religion, Berserk, Trog's Hand


You were on level 9 of the Dungeon.
You worshipped Trog.
Trog was most pleased with you.
You visited 1 branch of the dungeon, and saw 10 of its levels.

You collected 371 gold pieces.

Inventory:

Hand Weapons
 a - a +0 hand axe
 f - a +0 whip
 g - the +9 dagger "Ojyollea" (weapon) {flame, rCorr Int+2 SInv}
   (You found it on level 3 of the Dungeon)

   It burns those it strikes, dealing additional fire damage.
   Int:       It affects your intelligence (+2).
   SInv:      It lets you see invisible.
   rCorr:     It protects you from acid and corrosion.
 i - the +8 dagger of Magnificence {vamp, Dex+3}
   (You found it on level 4 of the Dungeon)

   It occasionally heals its wielder for a portion of the damage dealt when it
   wounds a living foe.
   Dex:       It affects your dexterity (+3).
 u - a +0 morningstar
 v - a +0 war axe
 E - a +2 whip of freezing
Armour
 h - the +6 scale mail of Incorporation (worn) {rPois rF++}
   (You found it on level 2 of the Dungeon)

   rF:        It greatly protects you from fire.
   rPois:     It protects you from poison.
Jewellery
 e - a ring of positive energy (left hand)
Wands
 b - a wand of polymorph (19)
 x - a wand of iceblast (8)
 y - a wand of flame (14)
 F - a wand of charming (5)
Scrolls
 j - a scroll of magic mapping {unknown}
 k - a scroll of identify
 l - a scroll of enchant weapon {unknown}
 m - 2 scrolls of enchant armour {unknown}
 p - a scroll of blinking
 q - a scroll of silence {unknown}
 r - a scroll of acquirement {unknown}
 A - 4 scrolls of teleportation {unknown}
 B - a scroll of amnesia {unknown}
 D - a scroll of vulnerability {unknown}
 G - 2 scrolls of immolation {unknown}
Potions
 c - 2 potions of might {unknown}
 d - a potion of magic {unknown}
 n - 3 potions of curing {unknown}
 o - 2 potions of lignification {unknown}
 s - 2 potions of flight {unknown}
 t - a potion of heal wounds {unknown}
 w - 2 potions of mutation {unknown}
 z - a potion of invisibility {unknown}
 C - a potion of brilliance {unknown}
 H - a potion of degeneration {unknown}


   Skills:
 + Level 8.5 Fighting
 - Level 2.0 Short Blades
 - Level 11.6(12.0) Axes
 - Level 4.1(8.5) Maces & Flails
 + Level 12.2 Armour
 - Level 2.1 Dodging


You had 9 spell levels left.
You didn't know any spells.
Your spell library was empty.

Dungeon Overview and Level Annotations

Branches:
Dungeon (10/15)            Temple (0/1) D:6            Lair (0/6) D:9
    Orc (0/2) D:9

Altars:
Qazlal

Shops:
D:1 =   D:6 :   D:7 [

Annotations:
D:2 exclusion: downstairs
D:3 exclusion: downstairs
D:4 Eustachio


Innate Abilities, Weirdness & Mutations

You have a pair of horns on your head.
You reflexively headbutt those who attack you in melee.


Message History

The troll bites you but does no damage. The troll closely misses you.
The troll claws you.
You feel a strong urge to attack something.
You completely miss the ogre. You headbutt the ogre!
The ogre is heavily wounded.
You puncture the ogre! You burn the ogre.
The ogre is almost dead.
The ogre barely misses you.
You puncture the ogre! You burn the ogre.
You kill the ogre!
Trog accepts your kill.
The gnoll shouts!
You feel a strong urge to attack something.
You are no longer berserk.
You are exhausted.
You feel yourself slow down.
Items here: ( )))))) [.
The troll bites you but does no damage. The troll barely misses you.
The troll closely misses you.
You closely miss the troll.
The troll is moderately wounded.
The troll bites you!
* * * LOW HITPOINT WARNING * * *
The troll barely misses you. x2; The troll bites you but does no damage.
The troll claws you but does no damage. x2
You barely miss the troll.
The troll is lightly wounded.
The troll bites you.
* * * LOW HITPOINT WARNING * * *
The troll completely misses you. The troll claws you!
* * * LOW HITPOINT WARNING * * *
You hit the troll. You burn the troll. You headbutt the troll.
The troll is heavily wounded.
The troll bites you.
* * * LOW HITPOINT WARNING * * *
The troll claws you but does no damage. The troll completely misses you.
The gnoll hits you from afar with a +0 spear.
* * * LOW HITPOINT WARNING * * *
The gnoll hits you but does no damage. The troll bites you!
You die...

.......# #...# ......#
.......# #...# #######
..... .......###...#
#8...8# #..##
#....#..##...# #.....#
#..<# #######..#...#
#..>..# ##..# ##.....#
#...).# ##.g. ##....#
#8...8# ###....
#..########[#######|)....
##..###.@Tgo)...#.)o.....
##..##.#######...#......
##....#####...###..>...
##..#......### #......
#..#....### #......
##....### #...... ##.###
##..... #..# #..... #(##
##....


You could see a troll, a gnoll and an orc.

Vanquished Creatures
  Pikel (D:9)
  Joseph (D:7)
  A vampire (D:10)
  A wraith (D:10)
  2 yaks (D:10)
  2 steam dragons
  Edmund (D:6)
  2 water moccasins
  An ice beast (D:7)
  2 sky beasts
  6 orc warriors
  3 black bears
  5 ogres
  A centaur (D:4)
  2 phantoms
  3 lemures (D:9)
  3 kobold brigands
  2 scorpions
  5 bullfrogs
  A wyvern skeleton (D:7)
  A water moccasin skeleton (D:6)
  6 killer bees (D:9)
  5 wights
  A howler monkey (D:5)
  A bullfrog zombie (D:6)
  6 orc priests
  3 hounds
  A centaur skeleton (D:5)
  An iguana (D:7)
  6 orc wizards
  2 hound skeletons
  6 gnolls
  6 adders
  An ufetubus (D:5)
  2 adder skeletons
  A worm (D:4)
  A dart slug (D:1)
  13 orcs
  8 endoplasms
  A giant cockroach (D:2)
  7 goblins
  6 hobgoblins
  A jackal (D:2)
  8 ball pythons
  4 bats
  4 frilled lizards
  7 kobolds
  6 rats
160 creatures vanquished.

Vanquished Creatures (others)
  11 plants (D:3)
11 creatures vanquished.

Grand Total: 171 creatures vanquished

Notes
Turn   | Place    | Note
-------+----------+-------------------------------------------
     0 | D:1      | Tsarbomb the Minotaur Berserker began the quest for the
                  | Orb.
     0 | D:1      | Reached XP level 1. HP: 19/19 MP: 0/0
    77 | D:1      | Reached skill level 1 in Maces & Flails
   275 | D:1      | Reached XP level 2. HP: 22/26 MP: 1/1
   584 | D:1      | Found Beqoedd's One-of-a-Kind Rings.
   604 | D:1      | Reached ** piety under Trog
  1090 | D:1      | Found a faded altar of an unknown god.
  1237 | D:2      | Reached XP level 3. HP: 29/31 MP: 2/2
  1451 | D:2      | Identified the +6 scale mail of Incorporation {rPois rF++}
  2158 | D:3      | Reached XP level 4. HP: 34/39 MP: 3/3
  2595 | D:3      | Noticed an orc warrior
  2672 | D:3      | Killed an orc warrior
  2673 | D:3      | Reached skill level 5 in Axes
  2673 | D:3      | Reached XP level 5. HP: 25/45 MP: 4/4
  3045 | D:3      | Identified the +9 dagger "Ojyollea" {flame, rCorr Int+2
                  | SInv}
  3229 | D:4      | Noticed a phantom
  3258 | D:4      | Noticed an ogre
  3417 | D:4      | Identified the +8 dagger of Magnificence {vamp, Dex+3}
  3473 | D:4      | Reached skill level 1 in Short Blades
  3473 | D:4      | Reached XP level 6. HP: 51/51 MP: 5/5
  3569 | D:4      | Reached *** piety under Trog
  3606 | D:4      | Reached XP level 7. HP: 46/57 MP: 6/6
  3767 | D:4      | Noticed Eustachio
  3868 | D:5      | Entered Level 5 of the Dungeon
  3953 | D:5      | Found a stormy altar of Qazlal.
  4255 | D:5      | Reached skill level 10 in Axes
  4366 | D:5      | Reached XP level 8. HP: 64/64 MP: 7/7
  4647 | D:6      | Reached skill level 3 in Armour
  4692 | D:6      | Found a staircase to the Ecumenical Temple.
  4722 | D:6      | Noticed Edmund
  4734 | D:6      | Killed Edmund
  4735 | D:6      | Reached skill level 4 in Armour
  4846 | D:6      | You fall into a shaft and drop 2 floors!
  4926 | D:7      | Reached skill level 5 in Armour
  5092 | D:8      | Reached skill level 5 in Fighting
  5394 | D:7      | Noticed Joseph
  5404 | D:7      | Killed Joseph
  5405 | D:7      | Reached skill level 6 in Armour
  5405 | D:7      | Reached XP level 9. HP: 43/74 MP: 8/8
  5588 | D:7      | Reached skill level 7 in Armour
  5878 | D:7      | Found Veakaq's Armour Boutique.
  5882 | D:7      | Reached skill level 8 in Armour
  5967 | D:7      | Reached skill level 9 in Armour
  6123 | D:7      | Noticed a komodo dragon
  6634 | D:6      | Found Rinkisub's Book Emporium.
  6838 | D:6      | Reached skill level 10 in Armour
  7275 | D:9      | Reached XP level 10. HP: 86/86 MP: 9/9
  7327 | D:9      | Noticed Pikel
  7340 | D:9      | Killed Pikel
  7341 | D:9      | Reached skill level 11 in Armour
  7412 | D:9      | Found a staircase to the Orcish Mines.
  7447 | D:10     | Entered Level 10 of the Dungeon
  7853 | D:10     | Reached skill level 12 in Armour
  7936 | D:10     | Noticed a gargoyle
  7945 | D:9      | Found a staircase to the Lair.
  8169 | D:9      | HP: 4/90 [troll (6)]
  8170 | D:9      | Mangled by a troll

Illustrated notes

Levels and vault maps discovered:
D:1:      minmay_arrival_floating_metal, layout_basic,
          dilly_ecumenical_altar_fadedgnrine, nicolae_shop_unique_rings,
          serial_park_tiny_2, minivault_5, minmay_strange_pillars,
          chequers_decorated_corner, st_stairs_5, minmay_door_square
D:2:      layout_rooms, minmay_misc_feat_encased, minmay_domino_2
D:3:      layout_loops_corners, serial_forest, infiniplex_forest_pool,
          infiniplex_forest_clump_diagonal, infiniplex_forest_lined_2,
          infiniplex_forest_clump_long, infiniplex_forest_clump_diagonal,
          infiniplex_forest_zigzag_1, serial_bayou_lagoon_a
D:4:      layout_basic, uniq_eustachio, uniq_blork_the_orc
D:5:      layout_basic, nicolae_qazlal_general_emergency, serial_rivers,
          chequers_serial_rivers_large_a, chequers_serial_rivers_micro_a,
          chequers_serial_rivers_micro_c, chequers_serial_rivers_micro_a,
          chequers_serial_rivers_micro_c, chequers_serial_rivers_micro_c
D:6:      layout_loops_cross, temple_fountains, serial_shops,
          nicolae_square_shop, fountainhead, uniq_edmund
D:7:      layout_loops_cross, minmay_liquid_box, kennysheep_windowed_goal,
          uniq_joseph
D:8:      layout_cave_pools
D:9:      layout_cave_pods, lair_entry_dummy,
          kennysheep_orc_monster_closet_entryway,
          hangedman_decor_diamond_cutter, jiyva_altar_1, uniq_pikel
D:10:     layout_long_grid, serial_shops, shop

Skill      XL: |  1  2  3  4  5  6  7  8  9 10 |
---------------+-------------------------------+-----
Maces & Flails | 2 3 4 |  4.1
Axes           | 4 5 7 8 10 11 | 11.6
Short Blades   | 1 2 |  2.0
Armour         | 6 10 12 | 12.2
Fighting       | 5 7 8 |  8.5
Dodging        | |  2.1

Action                   |  1- 3 |  4- 6 |  7- 9 | 10-12 || total
-------------------------+-------+-------+-------+-------++-------
Melee: Hand axe          |    81 |    28 |       |       ||   109
       Headbutt          |     8 |     8 |    33 |    19 ||    68
       Punch             |     1 |     2 |     2 |     2 ||     7
       Dagger            |       |    34 |   187 |    98 ||   319
Invok: Berserk           |     1 |     1 |     9 |     4 ||    15
       Trog's Hand       |       |       |     1 |     3 ||     4
  Use: Scroll            |     3 |       |       |       ||     3
Armor: Animal skin       |     1 |       |       |       ||     1
       Chain mail        |    21 |       |       |       ||    21
       Scale mail        |    12 |    21 |    68 |    49 ||   150
Dodge: Dodged            |    39 |    28 |    81 |    68 ||   216
